 Dungeon Crawl Stone Soup version 0.27.1-33-g824d729ab1 (webtiles) character file.

Game seed: 12634360840046239548

90085 zeram the Peltast (level 15, -1/78 HPs)
             Began as a Gargoyle Fighter on Dec 20, 2021.
             Was the Champion of Qazlal.
             Slain by a two-headed ogre (9 damage)
             ... on level 1 of the Orcish Mines on Dec 21, 2021.
             The game lasted 00:42:29 (24005 turns).

zeram the Peltast (Gargoyle Fighter)               Turns: 24005, Time: 00:42:29

Health: -1/78      AC: 44    Str: 25    XL:     15   Next: 99%
Magic:  8/8        EV: 10    Int: 12    God:    Qazlal [******]
Gold:   2488       SH: 29    Dex: 16    Spells: 14/14 levels left

rFire    . . .     SeeInvis +   n - +8 demon trident of Prudence {antimagic, Drain rCorr Dex+4 Stlth+}
rCold    . . .     Faith    .   c - +1 kite shield
rNeg     + . .     Spirit   .   R - +5 plate armour {Will+}
rPois    ∞         Reflect  +   u - +2 helmet
rElec    +         Harm     .   C - +2 cloak {Will+}
rCorr    +         Rampage  .   G - +2 pair of gloves
Will     +++..                  (no boots)
Stlth    ..........             M - amulet "Ytaehuux" {Reflect SH+5 SInv}
HPRegen  0.23/turn              O - ring "Qameimn" {rPois MP+9 Int+2 Dex+3}
MPRegen  0.11/turn              k - ring of resist corrosion

@: protected from physical damage, flying, studying Crossbows, repel missiles
A: sickness immunity, AC +11, big wings, negative energy resistance 1,
electricity resistance, torment resistance 1, petrification resistance
a: Renounce Religion, Upheaval, Elemental Force, Disaster Area


You were on level 1 of the Orcish Mines.
You worshipped Qazlal.
Qazlal was exalted by your worship.
You visited 3 branches of the dungeon, and saw 21 of its levels.
You also visited: Bailey and Gauntlet.

You collected 3580 gold pieces.
You spent 1092 gold pieces at shops.

Inventory:

Hand Weapons
 n - the +8 demon trident of Prudence (weapon) {antimagic, Drain rCorr Dex+4 Stlth+}
   (You acquired it on level 8 of the Dungeon)

   It reduces the magical energy of the wielder, and disrupts the spells and
   magical abilities of those it strikes.
   Natural abilities and divine invocations are not affected.
   Dex:       It affects your dexterity (+4).
   rCorr:     It protects you from acid and corrosion.
   Drain:     It drains your maximum health when unequipped.
   Stlth:     It makes you more stealthy.
Armour
 c - a +1 kite shield (worn)
 h - a +1 scale mail of fire resistance
 q - the +3 leather armour "Musagg" {rPois rN+++ Str+3 Dex-2}
   (You found it on level 4 of the Dungeon)

   Str:       It affects your strength (+3).
   Dex:       It affects your dexterity (-2).
   rPois:     It protects you from poison.
   rN:        It renders you almost immune to negative energy.
 u - a +2 helmet (worn)
 C - a +2 cloak of willpower (worn)
 G - a +2 pair of gloves (worn)
 I - a +0 troll leather armour
 J - a scarf of resistance
 R - a +5 plate armour of willpower (worn)
Jewellery
 f - an amulet of the acrobat
 i - a ring of magical power
 k - a ring of resist corrosion (right hand)
 s - a ring of fire
 B - a ring of ice
 M - the amulet "Ytaehuux" (around neck) {Reflect SH+5 SInv}
   (You found it in a Gauntlet)

   [amulet of reflection]

   It reflects blocked missile attacks.
   SInv:      It lets you see invisible.
   SH:        It affects your SH (+5).
 O - the ring "Qameimn" (left hand) {rPois MP+9 Int+2 Dex+3}
   (You found it on level 12 of the Dungeon)

   [ring of magical power]

   Int:       It affects your intelligence (+2).
   Dex:       It affects your dexterity (+3).
   rPois:     It protects you from poison.
   MP:        It affects your magic capacity (+9).
 U - the ring "Cetam" {Will++ MP+9 Int+6}
   (You found it on level 13 of the Dungeon)

   [ring of magical power]

   Int:       It affects your intelligence (+6).
   MP:        It affects your magic capacity (+9).
   Will:      It greatly increases your willpower.
 W - a +6 ring of intelligence
Wands
 l - a wand of polymorph (11)
 m - a wand of iceblast (4)
 v - a wand of paralysis (27)
 x - a wand of flame (98)
 y - a wand of charming (18)
 H - a wand of mindburst (13)
 P - a wand of acid (8)
Scrolls
 a - 2 scrolls of magic mapping
 b - 3 scrolls of identify
 d - a scroll of holy word
 p - 2 scrolls of silence
 E - 5 scrolls of teleportation
 L - a scroll of enchant weapon
 N - 2 scrolls of amnesia
 S - 2 scrolls of summoning
 T - a scroll of fog
 V - a scroll of brand weapon {unknown}
Potions
 g - a potion of resistance
 j - a potion of invisibility
 o - a potion of haste
 r - 5 potions of curing
 t - 4 potions of flight
 w - 2 potions of magic
 z - 6 potions of lignification
 A - 2 potions of attraction
 D - 2 potions of mutation
 F - a potion of berserk rage
Miscellaneous
 K - a phial of floods
 Q - a condenser vane


   Skills:
 - Level 3.2 Fighting
 - Level 4.8 Maces & Flails
 * Level 16.5 Polearms
 + Level 11.0 Armour
 + Level 6.6 Dodging
 + Level 16.6 Shields


You had 14 spell levels left.
You didn't know any spells.
Your spell library contained the following spells:

 Spells                   Type           Power      Damage    Failure   Level
 Corona                   Hex            0%         N/A       97%         1
 Freeze                   Ice            0%         1d3       97%         1
 Magic Dart               Conj           0%         1d3       97%         1
 Shock                    Conj/Air       0%         1d3       97%         1
 Call Imp                 Summ           0%         N/A       99%         2
 Ensorcelled Hibernation  Hex/Ice        0%         N/A       99%         2
 Slow                     Hex            0%         N/A       99%         2
 Static Discharge         Conj/Air       0%         N/A       99%         2
 Confusing Touch          Hex            0%         N/A       100%        3
 Frozen Ramparts          Ice            0%         1d2       100%        3
 Gell's Gravitas          Tloc           0%         N/A       100%        3
 Lesser Beckoning         Tloc           0%         N/A       100%        3
 Mephitic Cloud           Conj/Pois/Air  0%         N/A       100%        3
 Portal Projectile        Hex/Tloc       0%         N/A       100%        3
 Stone Arrow              Conj/Erth      0%         3d7       100%        3
 Swiftness                Air            0%         N/A       100%        3
 Teleport Other           Tloc           0%         N/A       100%        3
 Tukima's Dance           Hex            0%         N/A       100%        3
 Vampiric Draining        Necr           0%         2d6       100%        3
 Airstrike                Air            0%         N/A       100%        4
 Animate Armour           Summ/Erth      0%         N/A       100%        4
 Animate Dead             Necr           0%         N/A       100%        4
 Dispel Undead            Necr           0%         3d6       100%        4
 Fulminant Prism          Conj/Hex       0%         3d6       100%        4
 Hailstorm                Conj/Ice       0%         3d3       100%        4
 Ice Form                 Ice/Tmut       0%         N/A       100%        4
 Iskenderun's Mystic Bla  Conj/Tloc      0%         2d3       100%        4
 Sticky Flame             Conj/Fire      0%         2d3       100%        4
 Blade Hands              Tmut           0%         N/A       100%        5
 Borgnjor's Vile Clutch   Necr/Erth      0%         N/A       100%        5
 Excruciating Wounds      Necr           0%         N/A       100%        5
 Lee's Rapid Deconstruct  Erth           0%         3d5*      100%        5
 Conjure Ball Lightning   Conj/Air       0%         3x3d6     100%        6
 Death Channel            Necr           0%         N/A       100%        6
 Simulacrum               Ice/Necr       0%         N/A       100%        6
 Discord                  Hex            0%         N/A       100%        8
 Disjunction              Tloc           0%         N/A       100%        8
 Lehudib's Crystal Spear  Conj/Erth      0%         10d2      100%        8


Dungeon Overview and Level Annotations

Branches:
Dungeon (14/15)              Lair (6/6) D:11         Shoals (0/4) Lair:2
  Snake (0/4) Lair:3        Slime (0/5) Lair:6          Orc (2/2) D:9
    Elf (0/3) Orc:2        Vaults (0/5) D:14         Bailey (visited)
Gauntlet (visited)
 Temple: D:4-7

Altars:
Ashenzari
Cheibriados
Elyvilon
Fedhas
Gozag
Hepliaklqana
Nemelex Xobeh
Okawaru
Qazlal
Ru
Trog
Uskayaw
Xom
Zin
The Shining One
Jiyva

Shops:
D:9 *

Annotations:
D:9 exclusion: obsidian statue
Orc:2 Sonja


Innate Abilities, Weirdness & Mutations

You are immune to sickness and miasma.
Your stone body is resilient. (AC +11)
You are immune to poison.
Your large and strong wings let you fly.
You resist negative energy. (rN+)
You are resistant to electric shocks. (rElec)
You are resistant to unholy torment.
You are immune to petrification.


Message History

The deep troll is almost dead.
The two-headed ogre is engulfed in freezing vapours.
You block the two-headed ogre's attack. x2; The ogre closely misses you.
You block the two-headed ogre's attack.
The two-headed ogre hits you with a +0 giant club.
The troll bites you but does no damage. The troll barely misses you.
The troll closely misses you.
You closely miss the deep troll.
The deep troll is almost dead.
You block the deep troll's attack. The deep troll claws you!
* * * LOW HITPOINT WARNING * * *
You feel more protected from physical attacks.
You block the deep troll's attack. The two-headed ogre closely misses you.
The two-headed ogre hits you but does no damage.
You block the ogre's attack.
You feel much better.
The ogre is engulfed in blazing flames.
The ogre hits you with a +0 giant club!
The troll is struck by lightning.
You block the troll's attack. x3; You block the ogre's attack.
The two-headed ogre misses you.
The two-headed ogre hits you but does no damage.
The two-headed ogre is struck by lightning.
The two-headed ogre closely misses you.
The two-headed ogre hits you with a +0 giant club!
You feel more protected from physical attacks.
The deep troll bites you but does no damage.
The deep troll claws you!
* * * LOW HITPOINT WARNING * * *
You block the deep troll's attack.
The two-headed ogre barely misses you. x2
Okay, then.
You feel better. You block the ogre's attack.
The troll is struck by lightning.
You block the troll's attack. The troll barely misses you.
The troll claws you but does no damage.
The ogre is engulfed in blazing flames.
The ogre hits you but does no damage. You block the ogre's attack.
You block the two-headed ogre's attack.
The two-headed ogre hits you but does no damage.
The deep troll bites you!
* * * LOW HITPOINT WARNING * * *
The deep troll barely misses you. The deep troll misses you.
The two-headed ogre hits you with a +0 giant spiked club!
You die...

#..#.###)............#.##
#...###<)...........#...#
##.####))............#.##
.#.#.###[[...#.........## #####
......###...............# ##.#.##
##...####)..............# #.....#
##....##.)....§..§.##..######....
.#.....##......OOT#....#)(..#.8..
#.....##......○O@O○....#()..#....
##.#[##........OOT.....#8(..'.8.#
##.......#.#.....°....#.((.#....
##.##.##.............#(...#.8.#
#######...#.........######....
##..#.#................#..#
#.....................#....
##..#.#...##.#......####.##
#################### ####


You could see 3 two-headed ogres, a deep troll, a troll and 3 ogres.

Vanquished Creatures
  Rupert (D:14)
  Kirke (D:14)
  Nessos (Lair:5)
  A minotaur (Gauntlet)
  An ettin (D:9)
  Fannar (D:12)
  3 catoblepae (Lair:6)
  8 hydras
  5 two-headed ogres
  A centaur warrior (D:14)
  14 death yaks
  Urug (Lair:5)
  Nergalle (Lair:2)
  A lindwurm (Lair:4)
  A necromancer (D:14)
  2 wizards
  2 orc knights (Bailey)
  13 ugly things
  2 cyclopes
  3 manticores
  3 elephants (Lair:3)
  A merfolk siren (Lair:2)
  4 black mambas
  Joseph (D:9)
  2 torpor snails
  13 cane toads
  10 komodo dragons
  A kobold demonologist (D:11)
  A freezing wraith (D:14)
  An ice devil (Gauntlet)
  A rime drake (Lair:3)
  8 trolls
  2 polar bears
  17 blink frogs
  18 slime creatures
  A shadow (D:10)
  2 wraiths (D:12)
  59 yaks
  A vampire (D:14)
  2 water elementals (D:13)
  7 wyverns
  A hog (D:14)
  A basilisk (Lair:6)
  A steam dragon (shapeshifter) (D:13)
  2 wargs (D:9)
  5 nagas (Lair:3)
  16 water moccasins
  20 orc warriors
  5 black bears
  An ice beast (D:5)
  2 necrophages
  9 ogres
  28 wolves
  2 centaurs
  A hornet zombie (D:8)
  3 scorpions
  9 bullfrogs
  A gnoll sergeant (D:13)
  2 jellies (D:4)
  4 wights (D:8)
  4 howler monkeys
  5 electric eels (D:13)
  6 centaur zombies
  A quasit (D:5)
  7 orc priests
  3 hounds
  A gnoll shaman (D:5)
  3 iguanas
  13 orc wizards
  2 killer bee zombies (D:8)
  A hound skeleton (D:5)
  A mummy (D:8)
  A howler monkey zombie (D:11)
  13 gnolls
  8 adders
  2 shadow imps (Gauntlet)
  5 white imps
  2 ufetubi
  45 orcs
  3 ball pythons
  4 bats
  10 endoplasms
  4 giant cockroaches
  2 goblins
  7 hobgoblins
  3 quokkas
  3 frilled lizards
  A goblin skeleton (D:5)
  A goblin zombie (D:5)
  7 kobolds
  A kobold skeleton (D:5)
  4 kobold zombies (D:5)
  An orc skeleton (D:5)
  2 orc zombies (D:5)
  13 rats
  A bush (Lair:4)
521 creatures vanquished.

Vanquished Creatures (others)
  A manticore (Lair:6)
  2 humans (D:14)
  13 fungi
  32 plants
  25 withered plants
73 creatures vanquished.

Grand Total: 594 creatures vanquished

Notes
Turn   | Place    | Note
-------+----------+-------------------------------------------
     0 | D:1      | zeram the Gargoyle Fighter began the quest for the Orb.
     0 | D:1      | Reached XP level 1. HP: 14/14 MP: 1/1
   118 | D:1      | Reached XP level 2. HP: 19/19 MP: 2/2
   875 | D:1      | Reached XP level 3. HP: 23/23 MP: 3/3
  1937 | D:2      | Found a stormy altar of Qazlal.
  2012 | D:2      | Became a worshipper of Qazlal Stormbringer
  2486 | D:2      | Reached XP level 4. HP: 28/28 MP: 4/4
  3018 | D:3      | Noticed a centaur
  3027 | D:3      | Killed a centaur
  3028 | D:3      | Reached skill level 1 in Dodging
  3028 | D:3      | Reached XP level 5. HP: 7/32 MP: 5/5
  3569 | D:3      | Found a faded altar of an unknown god.
  3708 | D:4      | Reached * piety under Qazlal
  4119 | D:4      | Reached XP level 6. HP: 6/37 MP: 6/6
  4499 | D:4      | Reached skill level 1 in Maces & Flails
  4787 | D:4      | Identified the +3 leather armour "Musagg" {rPois rN+++
                  | Str+3 Dex-2}
  4953 | D:4      | Reached skill level 5 in Shields
  5103 | D:5      | Entered Level 5 of the Dungeon
  5103 | D:5      | Noticed a necrophage
  5121 | D:5      | Killed a necrophage
  5122 | D:5      | Reached skill level 5 in Armour
  5183 | D:5      | Noticed an ice beast
  5208 | D:5      | Killed an ice beast
  5209 | D:5      | Reached XP level 7. HP: 14/41 MP: 7/7
  5423 | D:5      | Found a glowing golden altar of the Shining One.
  6098 | D:5      | Found a sparkling altar of Nemelex Xobeh.
  6098 | D:5      | Found an opulent altar of Gozag.
  6248 | D:5      | Reached ** piety under Qazlal
  6268 | D:5      | Reached XP level 8. HP: 40/46 MP: 8/8
  6856 | D:6      | You fall into a shaft and drop 2 floors!
  6950 | D:8      | Identified a scroll of acquirement
  6950 | D:8      | Acquired the +8 demon trident of Prudence {antimagic, Drain
                  | rCorr Dex+4 Stlth+}
  7142 | D:8      | Found a shimmering altar of Xom.
  7145 | D:8      | Found a glowing silver altar of Zin.
  7146 | D:8      | Found a bloodstained altar of Trog.
  7146 | D:8      | Found a sacrificial altar of Ru.
  7146 | D:8      | Found a blossoming altar of Fedhas.
  7147 | D:8      | Found an iron altar of Okawaru.
  7185 | D:8      | Found a snail-covered altar of Cheibriados.
  7501 | D:8      | Reached XP level 9. HP: 51/51 MP: 6/9
  7960 | D:8      | Found a white marble altar of Elyvilon.
  7962 | D:8      | Found a hazy altar of Hepliaklqana.
  7969 | D:8      | Reached skill level 5 in Polearms
  8150 | D:9      | Found Puwnech's General Store.
  8156 | D:9      | Bought a +1 cloak of willpower for 231 gold pieces
  8665 | D:9      | Noticed an obsidian statue
  8769 | D:9      | Found a staircase to the Orcish Mines.
  9183 | D:9      | Noticed Joseph
  9196 | D:9      | Killed Joseph
  9682 | D:9      | Noticed an orange demon
  9682 | D:9      | Noticed an ice devil
  9710 | D:10     | Entered Level 10 of the Dungeon
  9739 | D:10     | Reached XP level 10. HP: 56/56 MP: 6/10
  9978 | D:10     | Reached *** piety under Qazlal
 10745 | Orc:1    | Entered Level 1 of the Orcish Mines
 10909 | Orc:1    | Noticed an ettin
 10927 | D:9      | Killed an ettin
 11109 | Orc:1    | Reached skill level 10 in Polearms
 11534 | Orc:1    | Reached XP level 11. HP: 47/60 MP: 6/11
 11618 | Orc:1    | Noticed a wolf spider
 11618 | Orc:1    | Noticed a cyclops
 11724 | Orc:2    | Entered Level 2 of the Orcish Mines
 11725 | Orc:2    | Noticed a two-headed ogre
 11726 | Orc:2    | Found a staircase to the Elven Halls.
 11726 | Orc:2    | Noticed a two-headed ogre
 11727 | Orc:2    | Noticed Sonja
 11729 | Orc:2    | Noticed a two-headed ogre
 11729 | Orc:2    | Noticed a two-headed ogre
 11736 | Orc:2    | Noticed a cyclops
 11736 | Orc:2    | Noticed an ogre mage
 11736 | Orc:2    | Noticed a deep troll
 11737 | Orc:2    | Noticed a deep troll
 11737 | Orc:2    | Noticed a cyclops
 11840 | D:9      | Killed a two-headed ogre
 11975 | Orc:2    | Noticed a two-headed ogre
 12355 | D:11     | Reached skill level 5 in Dodging
 12446 | D:11     | Reached **** piety under Qazlal
 12571 | D:11     | Found a flagged portal.
 12587 | Bailey   | Entered a bailey
 12614 | Bailey   | Noticed an orc knight
 12629 | Bailey   | Killed an orc knight
 12630 | Bailey   | Reached skill level 10 in Shields
 12712 | Bailey   | Noticed an orc knight
 12733 | Bailey   | Killed an orc knight
 12886 | D:11     | Found a staircase to the Lair.
 12901 | Lair:1   | Entered Level 1 of the Lair of Beasts
 13015 | Lair:1   | Reached XP level 12. HP: 64/64 MP: 7/12
 13028 | Lair:1   | Noticed an eight-headed hydra
 13042 | Lair:1   | Killed an eight-headed hydra
 13042 | Lair:1   | Reached ***** piety under Qazlal
 13063 | Lair:1   | Noticed a seven-headed hydra
 13070 | Lair:1   | Killed a seven-headed hydra
 13873 | Lair:1   | Acquired 918 gold pieces
 13967 | D:9      | Bought a potion of experience for 700 gold pieces
 13970 | D:9      | Reached XP level 13. HP: 68/68 MP: 7/13
 14106 | Lair:2   | Found a staircase to the Shoals.
 14147 | Lair:2   | Noticed Nergalle
 14164 | Lair:2   | Killed Nergalle
 14226 | Lair:2   | Found a gate leading to a gauntlet.
 14236 | Gauntlet | Entered a Gauntlet
 14236 | Gauntlet | Found a transporter.
 14246 | Gauntlet | Found a transporter.
 14261 | Gauntlet | Found a transporter.
 14266 | Gauntlet | Found a transporter.
 14283 | Gauntlet | Found a transporter.
 14301 | Gauntlet | Found a transporter.
 14313 | Gauntlet | Found a transporter.
 14319 | Gauntlet | Found a transporter.
 14334 | Gauntlet | Found a transporter.
 14340 | Gauntlet | Found a transporter.
 14355 | Gauntlet | Found a transporter.
 14359 | Gauntlet | Noticed a reaper
 14367 | Gauntlet | Found a transporter.
 14384 | Gauntlet | Found a transporter.
 14402 | Gauntlet | Found a transporter.
 14404 | Gauntlet | Found a transporter.
 14429 | Gauntlet | Found a transporter.
 14435 | Gauntlet | Found a transporter.
 14459 | Gauntlet | Found a transporter.
 14774 | Gauntlet | Identified the amulet "Ytaehuux" {Reflect SH+5 SInv}
 14839 | Gauntlet | Identified the +0 helmet of the Poles {Harm Will- Str+7}
 15011 | Gauntlet | Noticed a minotaur
 15021 | Gauntlet | Killed a minotaur
 15027 | Gauntlet | Identified the +2 scythe "Boocs" {vorpal, Drain rF++ rN+
                  | MP+9}
 16677 | Lair:3   | Found a staircase to the Snake Pit.
 17478 | Lair:4   | Found a snail-covered altar of Cheibriados.
 17552 | Lair:4   | Gained mutation: Your large and strong wings let you fly.
                  | [Gargoyle growth]
 17552 | Lair:4   | Reached XP level 14. HP: 74/74 MP: 7/14
 18439 | Lair:5   | Noticed Urug
 18470 | Lair:5   | Killed Urug
 18623 | Lair:5   | Noticed Nessos
 18635 | Lair:5   | Killed Nessos
 18658 | Lair:5   | Reached ****** piety under Qazlal
 19310 | Lair:6   | Entered Level 6 of the Lair of Beasts
 19722 | Lair:5   | Reached skill level 10 in Armour
 19925 | Lair:6   | Reached skill level 15 in Polearms
 20073 | Lair:6   | Found a viscous altar of Jiyva.
 20074 | Lair:6   | Found a staircase to the Slime Pits.
 20245 | Lair:6   | Reached skill level 15 in Shields
 20636 | Lair:6   | Reached XP level 15. HP: 69/78 MP: 8/15
 21453 | D:9      | Bought a scroll of magic mapping for 49 gold pieces
 21453 | D:9      | Bought a potion of curing for 42 gold pieces
 21453 | D:9      | Bought a scroll of identify for 28 gold pieces
 21453 | D:9      | Bought a potion of curing for 42 gold pieces
 21525 | D:12     | Noticed Fannar
 21541 | D:12     | Killed Fannar
 21865 | D:12     | Identified the ring "Qameimn" {rPois MP+9 Int+2 Dex+3}
 22573 | D:13     | Identified the ring "Cetam" {Will++ MP+9 Int+6}
 22702 | D:13     | Found a hide-covered altar of Uskayaw.
 22965 | D:14     | Found a broken altar of Ashenzari.
 23500 | D:14     | Noticed Kirke
 23528 | D:14     | Killed Kirke
 23801 | D:14     | Found a gate to the Vaults.
 23803 | D:14     | Noticed Rupert
 23818 | D:14     | Killed Rupert
 24005 | Orc:1    | Slain by a two-headed ogre

Illustrated notes

Levels and vault maps discovered:
D:1:      elethiomel_arrival_diamonds, layout_basic
D:2:      layout_basic, basic_altar
D:3:      layout_loops_cross, ebering_ecumenical_altar_petrified
D:4:      layout_gridville
D:5:      layout_basic, grunt_temple_overflow_opulence,
          nicolae_tso_besieged_by_evil
D:6:      layout_loops_ring, minmay_temple_entry_nine_rooms,
          kennysheep_nondescript, nicolae_shop_sticking_my_neck_out
D:8:      layout_basic, minitemple, chequers_temple_overflow_statue_of_worship,
          gup_ossuary_entry_pyramid, grunt_ogre_cave
D:9:      layout_roguey, david_orc_1_choice, serial_shops, shop,
          grunt_ministairs_12, minmay_statue_bubble, uniq_joseph
D:10:     layout_basic
D:11:     layout_cross, grunt_lair_entry_orc_guard_hut, enter_bailey_7
D:12:     layout_basic, uniq_fannar
D:13:     layout_basic, minmay_misc_feat_iff, dancing_weapons_uskayaw
D:14:     layout_cave_pods, david_vaults_1, nicolae_ashenzari_skybound,
          feat_on_display, uniq_rupert, uniq_kirke
Lair:1:   layout_concentric_octagons
Lair:2:   layout_layer_cave, minmay_shoals_entry_lonely_mermaid,
          gauntlet_entry_generic, uniq_nergalle
Lair:3:   layout_small_grid, minmay_snake_entry_guardpost_medium,
          lemuel_fruit_tree
Lair:4:   layout_regular_city, chequers_serial_rivers_micro_c,
          kennysheep_snail_temple, grunt_megastairs_3
Lair:5:   layout_cellular_growth, uniq_urug, uniq_nessos
Lair:6:   evilmike_catoblepas_cave, layout_cave_pods, slime_altar_1,
          grunt_megastairs_4
Orc:1:    nicolae_orc_accident_3, layout_caves, nicolae_orc_sculptors_studio
Orc:2:    st_orc_open, layout_caves, serial_shops, shop, mines2_david,
          uniq_snorg, uniq_sonja

Skill      XL: |  1  2  3  4  5  6  7  8  9 10 11 12 13 14 15 |
---------------+----------------------------------------------+-----
Polearms       | 2 3 4 7 10 12 14 15 16 | 16.5
Armour         | 4 5 6 9 10 11 | 11.0
Shields        | 4 5 6 7 8 9 10 12 13 15 16 | 16.6
Dodging        | 1 2 3 4 5 6 |  6.6
Maces & Flails | 2 3 4 |  4.8
Fighting       | |  3.2

Action                   |  1- 3 |  4- 6 |  7- 9 | 10-12 | 13-15 || total
-------------------------+-------+-------+-------+-------+-------++-------
Melee: Trident           |   144 |    67 |       |       |       ||   211
       Flail             |       |    89 |   255 |       |       ||   344
       Demon trident     |       |       |   169 |   440 |  1211 ||  1820
  Use: Scroll            |       |     4 |    11 |     3 |    18 ||    36
       Potion            |       |     1 |     4 |     4 |     5 ||    14
 Stab: Petrified         |       |       |       |       |     8 ||     8
Armor: Scale mail        |    73 |    73 |       |       |       ||   146
       Leather armour    |       |     6 |   191 |       |       ||   197
       Plate armour      |       |       |     7 |    35 |   309 ||   351
       Troll leather arm |       |       |       |    89 |    17 ||   106
Dodge: Dodged            |    34 |    56 |   164 |   131 |   189 ||   574
       Repelled          |       |       |       |     1 |     2 ||     3
Block: Kite shield       |    69 |   102 |   293 |   359 |  1081 ||  1904
       Reflection        |       |       |       |       |    15 ||    15
